AoeStats
← Zaissi

African Clearing

510329532Analyzed
4v4 RM · 2d ago on Sep 30, 2026· 73m 45s· 8 players
Game mode
Random Map
Map size
Large (8 player)
Population
200
Speed
Normal
Resources
Standard
Victory
Conquest
Starting age
Dark Age
Ending age
Imperial Age
RankedLock teamsTeams togetherTeam positionsShared explorationLock speedFull tech treeHidden civsTurbo modeCheats
Victory
Defeat
🇺🇸 Hindustanis · United States
1498
+15
🇩🇴 Jurchens · Dominican Republic
1487
+15
🇨🇴 Berbers · Colombia
1451
+17
🇪🇸 Varangians · Spain
1442
+17
🇳🇱 Chinese · Netherlands
1575
-20
🇫🇮 Portuguese · Finland
1487
-17
🇫🇷 Koreans · France
1447
-15
🇬🇧 Varangians · United Kingdom
1377
-12
Sergio
14:00 Feudal Age
18:08 Castle Age
16:13 Double-Bit Axe
17:38 Fishing Lines
19:21 Bow Saw
19:43 Gillnets
20:40 Wheelbarrow
23:08 Loom
25:37 Horse Collar
31:01 Bloodlines
30:52 Husbandry
31:14 Scale Barding Armor
31:20 Forging
32:45 Town Watch
35:11 Iron Casting
38:04 Imperial Age
37:48 Chain Barding Armor
37:40 Fletching
38:18 Hand Cart
38:35 Gold Mining
38:40 Elite Jarl
40:56 Blast Furnace
41:15 Squires
43:20 Scale Mail Armor
43:28 Gothikon
44:28 Conscription
44:39 Chain Mail Armor
45:02 Elite Varangian Guard
45:57 Light Cavalry
48:02 Plate Mail Armor
48:08 Plate Barding Armor
49:16 Arson
49:16 Gambesons
49:46 Capped Ram
50:20 Hussar
51:08 Bodkin Arrow
53:34 Onager
54:55 Pikeman
56:54 Halberdier
58:35 Cavalier
61:17 Caravan
60:40 Vendel Legacy
61:43 Heavy Plow
65:58 Guilds
67:23 Bracer
68:53 Siege Ram
71:13 Siege Engineers
72:25 Two-Man Saw
Sebastianquijanog
8:42 Loom
11:33 Feudal Age
20:50 Castle Age
26:05 Fletching
40:56 Double-Bit Axe
40:54 Horse Collar
44:24 Bow Saw
44:15 Heavy Plow
45:18 Ballistics
44:55 Bodkin Arrow
45:39 Kasbah
47:16 Stone Mining
47:17 Gold Mining
48:50 Padded Archer Armor
49:08 Masonry
51:49 Imperial Age
50:04 Wheelbarrow
49:44 Guard Tower
52:51 Bracer
53:54 Chemistry
52:15 Elite Camel Archer
53:33 Hoardings
53:19 Bloodlines
53:10 Husbandry
53:32 Leather Archer Armor
54:40 Hand Cart
54:50 Conscription
55:31 Light Cavalry
56:23 Hussar
58:04 Scale Barding Armor
58:09 Forging
59:29 Chain Barding Armor
59:40 Ring Archer Armor
59:53 Maghrebi Camels
60:43 Crop Rotation
64:47 Plate Barding Armor
64:48 Iron Casting
69:49 Capped Ram
RD | Telematico
5:10 Loom
11:48 Feudal Age
12:22 Feudal Age
16:42 Castle Age
14:47 Double-Bit Axe
25:03 Bow Saw
26:45 Wheelbarrow
31:54 Sanctity
32:43 Fervor
36:02 Scale Barding Armor
36:07 Forging
35:45 Town Watch
36:16 Hand Cart
36:39 Horse Collar
36:52 Gold Mining
36:53 Stone Mining
36:53 Gold Mining
40:19 Imperial Age
38:31 Husbandry
39:05 Chain Barding Armor
40:38 Bloodlines
41:39 Plate Barding Armor
41:26 Conscription
42:45 Iron Casting
41:53 Capped Ram
43:49 Two-Man Saw
43:55 Gold Shaft Mining
43:56 Stone Shaft Mining
45:36 Blast Furnace
45:09 Coinage
45:28 Heavy Rocket Cart
45:28 Siege Ram
45:38 Light Cavalry
47:47 Fletching
47:57 Padded Archer Armor
48:48 Hussar
49:26 Bodkin Arrow
49:46 Leather Archer Armor
49:27 Bodkin Arrow
49:47 Leather Archer Armor
50:26 Bracer
53:10 Leather Archer Armor
53:18 Ballistics
54:39 Banking
56:13 Thunderclap Bombs
57:48 Elite Iron Pagoda
61:23 Ring Archer Armor
60:58 Town Patrol
62:35 Caravan
63:08 Elite Genitour
Sain
11:26 Feudal Age
16:08 Castle Age
15:47 Double-Bit Axe
17:51 Bow Saw
18:22 Loom
21:46 Horse Collar
25:06 Bloodlines
24:57 Husbandry
25:05 Scale Barding Armor
26:29 Husbandry
27:19 Chain Barding Armor
30:20 Forging
30:11 Town Watch
33:25 Iron Casting
33:28 Heavy Plow
37:49 Imperial Age
37:51 Heavy Camel Rider
39:13 Plate Barding Armor
40:02 Blast Furnace
40:55 Chemistry
44:21 Two-Man Saw
43:58 Wheelbarrow
43:24 Town Patrol
43:16 Gold Mining
43:16 Stone Mining
43:20 Imperial Camel Rider
44:10 Fletching
48:03 Bodkin Arrow
48:30 Ballistics
51:15 Padded Archer Armor
51:37 Shatagni
51:58 Conscription
52:06 Caravan
52:44 Leather Archer Armor
56:19 Thumb Ring
56:25 Grand Trunk Road
61:02 Siege Elephant
wagwan_son
9:22 Loom
26:20 Feudal Age
31:35 Castle Age
30:24 Double-Bit Axe
30:25 Horse Collar
32:55 Bow Saw
33:52 Wheelbarrow
33:58 Heavy Plow
36:59 Fletching
38:36 Hand Cart
39:03 Bodkin Arrow
41:50 Gold Mining
47:23 Imperial Age
46:35 Forging
47:25 Scale Barding Armor
47:56 Iron Casting
47:32 Elite Jarl
48:33 Conscription
51:23 Bloodlines
51:13 Husbandry
52:32 Chain Barding Armor
53:13 Blast Furnace
53:30 Ballistics
53:11 Bracer
67:24 Caravan
Daniel Chassagnez
10:25 Loom
14:04 Feudal Age
14:55 Double-Bit Axe
17:54 Castle Age
15:55 Horse Collar
18:58 Bow Saw
20:04 Heavy Plow
24:22 Wheelbarrow
24:02 Fletching
25:52 Bodkin Arrow
26:23 Gold Mining
27:08 Husbandry
27:17 Town Watch
28:48 Ballistics
29:54 Hand Cart
30:47 Hand Cart
37:46 Imperial Age
36:56 Town Patrol
37:50 Stone Mining
38:36 Gold Shaft Mining
38:42 Bracer
38:09 Elite War Wagon
41:07 Chemistry
40:19 Masonry
43:28 Conscription
45:11 Two-Man Saw
46:12 Scale Mail Armor
46:22 Forging
45:43 Pikeman
47:12 Chain Mail Armor
47:00 Halberdier
49:08 Iron Casting
49:09 Plate Mail Armor
49:17 Iron Casting
48:44 Squires
60:02 Stone Shaft Mining
(Arm)_MTExplore
2:49 Loom
10:40 Feudal Age
11:11 Double-Bit Axe
21:29 Castle Age
19:38 Horse Collar
20:38 Fletching
20:43 Gold Mining
22:17 Bodkin Arrow
21:43 Crossbowman
28:11 Town Watch
38:33 Bow Saw
39:29 Wheelbarrow
43:22 Imperial Age
41:25 Ballistics
44:16 Hand Cart
43:25 Arbalester
44:06 Bracer
46:27 Chemistry
48:44 Thumb Ring
49:56 Gold Shaft Mining
49:30 Padded Archer Armor
49:55 Scale Barding Armor
50:00 Forging
52:19 Two-Man Saw
59:25 Chain Barding Armor
62:47 Heavy Plow
66:58 Caravan
71:38 Plate Barding Armor
71:13 Forging
71:31 Light Cavalry
72:23 Bloodlines
73:07 Husbandry
73:59 Iron Casting
Zaissi
3:38 Loom
12:53 Feudal Age
15:47 Scale Barding Armor
16:35 Forging
17:41 Bloodlines
23:13 Castle Age
21:38 Double-Bit Axe
21:35 Horse Collar
21:45 Gold Mining
23:23 Wheelbarrow
23:35 Light Cavalry
26:03 Bow Saw
28:06 Stone Mining
29:21 Fletching
32:42 Pikeman
33:24 Scale Mail Armor
39:24 Imperial Age
37:10 Hand Cart
37:42 Chain Mail Armor
39:53 Iron Casting
39:27 Halberdier
39:29 Capped Ram
40:26 Halberdier
42:42 Plate Mail Armor
43:12 Blast Furnace
43:03 Stone Shaft Mining
43:17 Ballistics
43:08 Careening
42:53 Murder Holes
43:08 Careening
43:28 Arson
44:21 Conscription
46:03 Bodkin Arrow
45:36 Elite Organ Gun
48:10 Bracer
49:11 Chemistry
48:20 Siege Engineers
49:17 Caravan
50:17 Bracer
50:30 Masonry
52:14 Two-Man Saw
56:01 Cavalier
56:41 Husbandry
62:00 Architecture
69:11 Coinage
68:53 Guilds
Connection lost

Rejoining the realm…

Still unreachable

The connection could not be restored.

Session expired

The server has moved on; the page needs a fresh start.